Map: Cerulean Fall LE

Players

IIIIIlIIIIII - Winner!

  • Race: Terran Terran
  • League: Master
  • Spawn Location: 7:00

BerryCrunch

  • Race: Terran Terran
  • League: Master
  • Spawn Location: 1:00

VOD

Have the link to the VOD?

Description

Time

  • Played on: Nov. 27, 2018, 6:22 p.m.
  • Length: 19:48
Show
View Real Time Build Order
Export as new Build Order

IIIIIlIIIIII Terran - Winner!

Build Orders:  

Get SALT Encoding   

  12  0:00  SCV  
  13  0:12  SCV  
  14  0:19  Supply Depot  
  14  0:24  SCV  
  15  0:40  SCV  
  15  0:41  Barracks  
  16  0:53  SCV  
  17  1:05  SCV  
  18  1:17  SCV  
  19  1:19  Command Center  
  19  1:28  Marine  
  19  1:32  Orbital Command  
  20  1:39  Bunker  
  20  1:46  Marine  
  21  1:48  Refinery  
  21  1:52  Refinery  
  21  1:59  SCV  
  22  2:04  Marine  
  23  2:17  Refinery  
  23  2:28  Refinery  
  23  2:30  Orbital Command, SCV  
  24  2:38  Factory  
  24  2:42  SCV  
  25  2:54  SCV  
  25  2:56  SCV  
  27  3:07  SCV  
  27  3:09  SCV  
  29  3:19  SCV  
  30  3:22  Starport  
  30  3:23  Starport  
  30  3:24  Hellion  
  32  3:32  SCV x2  
  34  3:38  Barracks Tech Lab  
  34  3:42  Supply Depot  
  34  3:44  SCV  
  34  3:45  SCV  
  38  3:52  Supply Depot  
  38  4:02  Viking  
  38  4:05  Raven  
  38  4:06  Corvid Reactor  
  40  4:12  SCV x2  
  40  4:14  Barracks Tech Lab  
  42  4:21  Hellion  
  44  4:24  SCV  
  44  4:25  Supply Depot  
  44  4:26  SCV  
  46  4:36  SCV  
  47  4:38  SCV  
  47  4:39  Raven  
  47  4:40  Barracks Reactor  
  50  4:48  Raven, Supply Depot  
  50  4:49  SCV  
  50  4:50  SCV  
  54  4:54  Hellion  
  56  5:01  SCV  
  56  5:03  SCV  
  58  5:10  Supply Depot  
  58  5:14  SCV  
  59  5:15  SCV  
  60  5:22  Raven  
  60  5:25  Hellion x2  
  66  5:31  Command Center, Engineering Bay, Raven  
  66  5:33  SCV x2  
  70  5:45  Supply Depot  
  70  5:46  SCV x2  
  70  5:47  Supply Depot  
  72  5:56  Hellion x2  
  76  6:05  Raven  
  76  6:07  Supply Depot  
  76  6:09  SCV x2  
  80  6:14  Raven  
  80  6:17  Hellion x2  
  86  6:24  SCV x2  
  86  6:38  Missile Turret  
  86  6:48  SCV x2  
  88  6:55  Hi-Sec Auto Tracking  
  88  6:56  Viking x2  
  88  6:57  Viking  
  88  7:00  SCV  
  88  7:01  Siege Tank  
  88  7:26  Viking x2  
  88  7:27  Viking  
  94  7:36  Siege Tank  
  93  7:55  Viking  
  93  7:56  Viking  
  93  7:57  Viking  
  91  8:12  SCV x2  
  91  8:15  Orbital Command  
  91  8:21  Refinery  
  91  8:24  SCV x2  
  91  8:25  Viking  
  91  8:26  Viking, Refinery  
  72  8:27  Viking  
  97  8:28  Refinery  
  97  8:29  Command Center  
  97  8:33  Refinery  
  99  8:36  SCV  
  99  8:37  SCV  
  101  8:42  SCV  
  100  8:49  SCV x2  
  100  8:54  SCV  
  91  8:55  Viking  
  91  8:56  Viking  
  91  8:57  Viking  
  91  9:01  SCV x2  
  97  9:06  SCV  
  94  9:10  Siege Tank, Factory  
  94  9:11  Factory  
  94  9:13  SCV x2  
  94  9:14  Factory  
  99  9:18  SCV  
  100  9:25  Viking x2, SCV x2  
  100  9:26  Raven  
  100  9:31  SCV  
  109  9:36  Sensor Tower  
  109  9:37  SCV x2  
  111  9:42  Supply Depot x2  
  111  9:43  Siege Tank, SCV  
  115  9:48  Refinery  
  115  9:49  Command Center, SCV x2  
  115  9:50  Refinery  
  117  9:53  Starport  
  117  9:55  Viking x2, SCV  
  122  10:01  SCV x2  
  122  10:06  Factory Tech Lab  
  122  10:07  Factory Reactor, Factory Tech Lab, SCV  
  124  10:09  Factory  
  125  10:15  Orbital Command, Siege Tank  
  125  10:16  SCV x2  
  132  10:21  Raven  
  132  10:25  Viking x2, SCV  
  137  10:28  Siege Tank, SCV  
  137  10:31  Siege Tank  
  137  10:34  Viking  
  147  10:35  SCV  
  147  10:37  SCV  
  148  10:47  Supply Depot  
  148  10:48  Supply Depot  
  148  10:50  Supply Depot  
  148  11:00  Viking x2, Siege Tank x2, SCV  
  148  11:01  SCV x2  
  161  11:06  Planetary Fortress  
  161  11:07  Siege Tank  
  160  11:13  SCV  
  141  11:33  Siege Tank x2, Hellion x2  
  141  11:34  Refinery, SCV x2  
  141  11:39  Siege Tank  
  156  11:43  SCV x3  
  156  11:46  SCV x2  
  161  11:53  Factory Tech Lab  
  161  11:58  Missile Turret  
  161  12:00  SCV  
  162  12:04  Sensor Tower  
  162  12:05  Siege Tank x2  
  162  12:06  Missile Turret  
  168  12:11  Hellion x2  
  168  12:15  Missile Turret  
  172  12:26  Command Center  
  172  12:36  Missile Turret  
  172  12:38  Fusion Core  
  172  12:48  Missile Turret  
  172  12:49  Missile Turret, Supply Depot x2  
  172  12:50  Starport Tech Lab, Missile Turret  
  172  12:52  Missile Turret  
  172  12:55  Mag-Field Accelerator  
  172  13:11  Viking x2  
  172  13:12  Viking  
  178  13:13  Armory  
  178  13:14  Cyclone  
  178  13:15  Cyclone x2  
  176  13:41  Battlecruiser  
  176  13:42  Battlecruiser  
  181  13:51  Siege Tank x2  
  181  13:52  Hellion x2  
  180  13:58  Siege Tank  
  181  14:04  Hellion  
  183  14:11  Refinery  
  187  14:31  Thor x2  
  187  14:32  Refinery  
  187  14:33  Refinery  
  187  14:38  Siege Tank  
  198  14:40  Planetary Fortress  
  198  14:45  Missile Turret  
  198  14:50  Missile Turret  
  198  15:05  Missile Turret x2  
  198  15:07  Missile Turret  
  198  15:08  Missile Turret  
  198  15:29  Viking  
  143  16:28  Orbital Command, Missile Turret  
  143  16:31  Missile Turret  
  143  16:32  Missile Turret x3  
Show
View Real Time Build Order
Export as new Build Order

BerryCrunch Terran 

Build Orders: Gas First Reaper Expand 

Get SALT Encoding   

  12  0:01  SCV  
  13  0:13  SCV  
  14  0:18  Supply Depot  
  14  0:25  SCV  
  15  0:30  Refinery  
  15  0:40  SCV  
  16  0:44  Barracks  
  16  0:52  SCV  
  17  1:04  SCV  
  18  1:16  SCV  
  19  1:31  Orbital Command, Reaper  
  20  1:44  Command Center  
  20  1:54  Factory  
  20  1:57  SCV  
  21  2:06  Supply Depot  
  22  2:10  SCV  
  23  2:18  Refinery  
  23  2:23  SCV  
  23  2:27  Marine, Bunker  
  24  2:35  SCV  
  25  2:38  Hellion  
  25  2:43  Starport  
  27  2:47  Barracks Tech Lab  
  27  2:54  SCV  
  28  2:58  Orbital Command  
  28  3:08  Cyclone  
  28  3:10  SCV  
  32  3:20  Viking, Barracks Reactor  
  32  3:26  SCV x2  
  33  3:38  SCV x2  
  35  3:44  Siege Tank  
  38  3:50  SCV x2  
  38  3:53  Supply Depot  
  40  3:59  Viking  
  40  4:02  SCV x2  
  44  4:03  Refinery  
  44  4:04  Refinery  
  44  4:11  Viking  
  44  4:14  SCV  
  44  4:15  Supply Depot  
  48  4:17  SCV  
  48  4:27  Marine  
  48  4:28  SCV  
  48  4:29  SCV  
  51  4:31  Siege Tank  
  51  4:38  Viking, Supply Depot  
  54  4:40  SCV  
  54  4:43  SCV  
  58  4:46  Viking  
  60  4:53  Supply Depot, SCV  
  60  4:58  SCV  
  62  5:03  Siege Tank  
  62  5:05  SCV  
  66  5:10  SCV  
  66  5:13  Viking  
  69  5:16  Viking, Barracks Reactor  
  69  5:21  SCV  
  72  5:22  SCV  
  73  5:30  Supply Depot  
  73  5:35  Command Center  
  73  5:37  SCV x2  
  73  5:41  Siege Tank  
  78  5:51  Viking x2  
  78  5:52  Supply Depot  
  78  5:56  Supply Depot  
  82  5:58  SCV x2  
  82  6:00  Marine x2  
  86  6:14  SCV x2  
  86  6:15  Siege Tank, Supply Depot  
  91  6:22  Viking x2  
  95  6:27  SCV  
  95  6:31  Barracks  
  96  6:32  Barracks Tech Lab  
  96  6:35  Liberator  
  96  6:37  SCV  
  96  6:39  Engineering Bay, SCV  
  98  6:40  Engineering Bay, Supply Depot  
  101  6:55  Orbital Command, Marine  
  101  6:56  Stimpack  
  102  7:09  Siege Tank  
  102  7:13  Marauder  
  107  7:20  Liberator x2  
  104  7:27  SCV x2  
  98  7:30  Orbital Command  
  98  7:32  Barracks x2  
  98  7:39  Refinery  
  98  7:42  Marine  
  98  7:43  Refinery, Marine x2  
  107  7:45  SCV  
  107  7:47  Barracks  
  91  8:09  Terran Infantry Weapons Level 1, Terran Infantry Armor Level 1  
  91  8:11  Armory, SCV  
  91  8:12  SCV  
  89  8:13  SCV  
  89  8:16  Marine, Marauder  
  93  8:20  Viking x2  
  93  8:22  Barracks Reactor, Barracks Tech Lab  
  93  8:23  Marine  
  93  8:24  SCV  
  93  8:26  Siege Tank  
  102  8:28  SCV x2  
  104  8:36  Barracks Tech Lab  
  104  8:37  Marauder  
  104  8:41  Marauder, Marine x2  
  100  8:58  Siege Tank  
  100  8:59  Marauder, Marine  
  100  9:01  Marauder, Marine  
  114  9:03  Marine, Marauder  
  114  9:05  Combat Shield  
  114  9:06  Concussive Shells  
  114  9:07  SCV x2  
  111  9:12  Marine  
  111  9:15  Medivac x2  
  111  9:16  Marine, SCV  
  112  9:20  Marauder  
  112  9:22  Marauder  
  116  9:25  Sensor Tower, Marauder  
  118  9:33  Marine x3  
  118  9:37  SCV  
  118  9:38  Command Center  
  122  9:41  Marauder  
  122  9:44  Marauder  
  83  9:45  Medivac x2  
  126  9:46  Marauder, Supply Depot  
  126  9:47  Supply Depot, Terran Vehicle And Ship Armor Level 1  
  126  9:52  SCV  
  133  9:58  SCV  
  133  10:05  Marine, Marauder x2, SCV x2  
  133  10:06  Marine  
  141  10:07  Marine  
  141  10:08  Marine, Marauder  
  141  10:10  Supply Depot  
  145  10:16  SCV  
  145  10:17  SCV x2  
  148  10:23  Marine  
  148  10:25  Terran Infantry Weapons Level 2, Terran Infantry Armor Level 2  
  148  10:26  Marauder  
  148  10:27  Marauder  
  148  10:28  Marine x3  
  153  10:32  Marauder  
  158  10:41  Marine  
  159  10:45  SCV x2  
  159  10:46  Supply Depot x2, SCV  
  159  10:48  Marauder, Supply Depot  
  164  10:52  Marine x2  
  165  11:04  Marauder, Marine x2  
  165  11:05  Marauder  
  165  11:09  Marauder  
  165  11:10  Marine x2  
  168  11:23  Marine x2  
  153  11:26  Marauder x2  
  153  11:30  Planetary Fortress, Marauder  
  149  11:37  Marine x2  
  149  11:39  Siege Tank  
  153  11:41  Marine x2  
  153  11:42  Command Center  
  153  11:45  Medivac x2  
  159  11:47  Marauder x2  
  159  11:51  Terran Vehicle And Ship Armor Level 2  
  159  11:52  Marauder  
  165  11:55  Marine x2  
  165  11:56  Refinery x2  
  165  11:59  Marine  
  158  12:09  Marauder x2  
  158  12:11  Siege Tank  
  158  12:13  Marauder  
  158  12:15  Medivac x2  
  171  12:16  Marine x2  
  171  12:17  Marine x2  
  175  12:24  SCV x4  
  175  12:28  Command Center  
  179  12:30  Marauder x2  
  179  12:34  Marine x3  
  179  12:35  Marauder  
  179  12:36  Marine  
  189  12:44  Barracks  
  189  12:45  Barracks  
  189  12:46  Barracks  
  189  12:51  Marauder x2  
  189  12:52  Marine x3  
  189  12:55  Planetary Fortress  
  189  12:56  Marauder  
  198  13:03  Marine  
  198  13:04  Factory Reactor  
  199  13:14  Marine  
  190  13:47  Marauder x2, Marine x2  
  129  13:58  Marine, Marauder  
  129  13:59  Marine  
  129  14:00  Barracks Reactor  
  129  14:02  Barracks Tech Lab x2  
  129  14:05  Planetary Fortress  
  129  14:08  Marauder, Marine x2  
  129  14:09  Marauder  
  129  14:13  Liberator x2  
  129  14:16  Marine  
  129  14:17  Barracks x3, Marine  
  131  14:18  Barracks  
  131  14:19  Marauder  
  131  14:22  Widow Mine x2  
  131  14:23  Terran Infantry Weapons Level 3, Marauder x2  
  131  14:24  Terran Infantry Armor Level 3  
  142  14:25  Terran Vehicle And Ship Armor Level 3  
  142  14:26  Marine x2  
  142  14:30  Marauder x2  
  150  14:34  Marine  
  150  14:35  Marine  
  152  14:40  Marine x2  
  152  14:41  Marauder  
  152  14:43  Marine x2  
  152  14:44  Marauder  
  152  14:45  Marauder  
  162  14:51  Marauder x2  
  162  14:52  Marine  
  167  14:53  Marine  
  167  14:58  Marine x2  
  167  14:59  Widow Mine x2  
  174  15:02  Marauder  
  174  15:05  Command Center x2, Barracks Tech Lab x3  
  174  15:06  Marauder x2  
  180  15:13  Marine x4, Marauder x2, Barracks Reactor  
  188  15:15  Marine  
  188  15:16  Marine  
  190  15:24  Marauder  
  190  15:27  Marauder x2  
  196  15:34  Marauder x2  
  196  15:40  Marauder  
  192  15:42  Marine  
  192  15:43  Marauder  
  192  15:45  Marauder, Marine x5  
  192  15:46  Marine  
  192  15:48  Marine x2  
  194  15:50  Marine x2  
  194  15:55  Marine  
  194  15:56  Widow Mine  
  198  15:59  Widow Mine  
  198  16:00  Marine x2  
  198  16:02  Marine  
  198  16:03  Marine, Missile Turret  
  197  16:04  Missile Turret  
  197  16:05  Missile Turret x3  
  197  16:06  Missile Turret x2  
  197  16:10  Missile Turret  
  181  16:18  Marauder, Widow Mine  
  182  16:20  Marauder, Marine x2, Widow Mine  
  182  16:24  Marauder, Marine x3  
  182  16:25  Marine, Marauder  
  155  16:40  Widow Mine  
  155  16:42  Marine, Widow Mine  
  155  16:44  Marauder, Marine  
  155  16:45  Orbital Command  
  155  16:46  Marauder x2  
  159  16:47  Orbital Command  
  159  16:50  Missile Turret  
  159  16:51  Missile Turret  
  151  17:00  Marine  
  154  17:02  Marine  
  154  17:06  Marauder  
  116  17:20  Marine  
  116  17:21  Marauder, Marine x2  
  117  17:27  Marine  
  116  17:35  Barracks x2  
  115  18:14  Supply Depot  
  115  18:15  Supply Depot  
  85  19:17  Command Center  
  80  19:31  Command Center  
Tags
 
Add a new tag
Caveats
  • Supply blocks, unpowered buildings, or Contaminate may cause inaccurate times.
  • Supply counts are checked every 10 seconds.